 Dungeon Crawl Stone Soup version 0.26-a0-966-gd078a86f14 (webtiles) character file.

Game seed: 15849993737920804755

16 pkoi the Ruffian (level 2, -7/26 HPs)
             Began as a Minotaur Monk on Dec 4, 2020.
             Mangled by a hobgoblin
             ... wielding a +0 club
             ... led by Robin
              (8 damage)
             ... on level 2 of the Dungeon.
             The game lasted 00:00:32 (291 turns).

pkoi the Ruffian (Minotaur Monk)                     Turns: 291, Time: 00:00:33

Health: -7/26      AC:  2    Str: 15    XL:     2   Next: 37%
Magic:  1/1        EV: 17    Int:  7    God:
Gold:   0          SH:  0    Dex: 12    Spells: 1/1 levels left

rFire    . . .     SeeInvis .     - Unarmed
rCold    . . .     Faith    .   (no shield)
rNeg     . . .     Spirit   .   a - +0 robe
rPois    .         Reflect  .   (helmet restricted)
rElec    .         Harm     .   (no cloak)
rCorr    .         Rampage  .   (no gloves)
MR       .....                  (no boots)
Stlth    ++........             f - amulet of the acrobat
HPRegen  0.08/turn              b - +4 ring of evasion
MPRegen  0.07/turn              (no ring)

@: about to teleport
A: retaliatory headbutt, horns 2
a: no special abilities


You were on level 2 of the Dungeon.
You visited 1 branch of the dungeon, and saw 2 of its levels.

Inventory:

Armour
 a - a +0 robe (worn)
Jewellery
 b - a +4 ring of evasion (left hand)
 f - an amulet of the acrobat (around neck)
Scrolls
 e - a scroll of amnesia {unknown}
Potions
 c - 3 potions of attraction {unknown}


   Skills:
 - Level 3.6 Fighting
 - Level 3.2 Dodging
 - Level 1.5 Stealth
 + Level 4.2 Unarmed Combat


You had one spell level left.
You didn't know any spells.
Your spell library was empty.

Dungeon Overview and Level Annotations

Branches:
Dungeon (1/15)

Altars:

Annotations:
D:2 Robin


Innate Abilities, Weirdness & Mutations

You reflexively headbutt those who attack you in melee.
You have a pair of horns on your head.


Message History

You hit the hobgoblin. Your headbutt misses the hobgoblin.
The hobgoblin is lightly wounded.
The hobgoblin hits you but does no damage.
Robin says, "Kneel, worm!"
Robin throws the goblin at you!
You closely miss the goblin. The hobgoblin hits you with a +0 club!
* * * LOW HITPOINT WARNING * * *
The goblin barely misses you. The goblin misses you.
You hit the goblin. Your headbutt misses the goblin.
The goblin is moderately wounded.
The hobgoblin hits you with a +0 club.
* * * LOW HITPOINT WARNING * * *
The goblin misses you. The goblin closely misses you.
Unknown command.
As you read the scroll labelled GUEDDU GOAFO, it crumbles to dust.
You feel strangely unstable.
It was a scroll of teleportation.
The hobgoblin hits you.
* * * LOW HITPOINT WARNING * * *
The hobgoblin hits you with a +0 club!
You die...

######†.......##.##
.................>#
#
###########.####..#
.# ## #..# .##.# ...
##.## ....# ....
###..##.....# .....
+...........
......####.###g#####
#....?).)w.gg@g....#
#+####.###.g##g###.#
#.#..$......
#.#...........
#.####......### #.
......#. .#
##....##. . ..... .#


You could see Robin, a dart slug, 2 hobgoblins and 3 goblins.

Vanquished Creatures
  A giant cockroach (D:2)
  7 goblins (D:2)
  2 hobgoblins
  A kobold (D:2)
  A bat (D:2)
  A frilled lizard (D:1)
13 creatures vanquished.

Notes
Turn   | Place    | Note
-------+----------+-------------------------------------------
     0 | D:1      | pkoi the Minotaur Monk began the quest for the Orb.
     0 | D:1      | Reached XP level 1. HP: 19/19 MP: 0/0
    87 | D:1      | You fall into a shaft and drop 1 floor!
   253 | D:2      | Reached XP level 2. HP: 26/26 MP: 1/1
   273 | D:2      | Noticed Robin
   275 | D:2      | Reached skill level 4 in Unarmed Combat
   291 | D:2      | HP: 1/26 [hobgoblin[Robin] (3)]
   291 | D:2      | Mangled by a hobgoblin

Illustrated notes

Levels and vault maps discovered:
D:1:      ebering_trefoil_twist, layout_basic, roderic_roman_lattice,
          minmay_crystal_room, palyth_stone_intersect, st_stairs_7,
          minmay_hedge_maze
D:2:      layout_basic, chequers_serial_rivers_large_a, chequers_garden,
          fedhas_altar_3, uniq_robin

Skill      XL: |  1  2 |
---------------+-------+-----
Unarmed Combat | 4 |  4.2
Fighting       | |  3.6
Dodging        | |  3.2
Stealth        | |  1.5

Action                   || total
-------------------------++-------
Melee: Unarmed           ||    21
       Headbutt          ||     1
  Use: Scroll            ||     1
 Stab: Sleeping          ||     3
Armor: Robe              ||     1
Dodge: Dodged            ||    14

Table legend: (Time is in decaauts)
 A = Elapsed time spent in this place.
 B = Non-inter-level travel time spent in this place.
 C = Inter-level travel time spent in this place.
 D = Time resting spent in this place.
 E = Time spent auto-exploring this place.
 F = Levels seen in this place.
 G = Mean time per level.
                   A        B        C        D        E       F      G
               +--------+--------+--------+--------+--------+-----+--------+
         Total |    288 |    288 |      0 |    105 |    125 |   2 |  144.0 |
       Dungeon |    288 |    288 |      0 |    105 |    125 |   2 |  144.0 |
               +--------+--------+--------+--------+--------+-----+--------+

Top non-repeatable levels by time:
     D:2: 202 daAuts
     D:1: 86 daAuts
